[Event "Ste-Foy 6 2024-25"]
[Site "Ste-Foy CAN"]
[Date "2025.07.28"]
[Round "4"]
[White "Lebel, Michel"]
[Black "Renzo, Alain"]
[Result "1-0"]
[ECO "C00"]
[WhiteElo "1009"]
[BlackElo "1244"]
[WhiteFideId "-1"]
[WhiteFideId "-1"]
[PlyCount "88"]
[GameId "2205801880969428"]
[EventDate "2025.07.07"]
[EventType "swiss"]
[EventRounds "5"]
[EventCountry "CAN"]
[TimeControl "5400+30"]

1. e4 e6 2. Nf3 d5 3. Bd3 dxe4 4. Bxe4 Nf6 5. Nc3 Bd7 6. Bxb7 Bc6 7. Bxa8 Bxa8 8. d3 Be7 9. O-O O-O 10. Bg5 Nbd7 11. b3 a6 12. a4 c5 13. Qd2 Bxf3 14. gxf3 Qc7 15. Rfe1 Bd6 16. f4 Nh5 17. Ne4 Bxf4 18. Bxf4 Nxf4 19. Qe3 f5 20. Ng5 h6 21. Nxe6 Nxe6 22. Qxe6+ Kh7 23. Re3 Nf6 24. Qxf5+ Kg8 25. Rae1 Nh7 26. Re8 Nf6 27. Qe6+ Qf7 28. Rxf8+ Kxf8 29. Qc8+ Ne8 30. Qxc5+ Kg8 31. Qc8 Qg6+ 32. Kf1 Kf8 33. Rxe8+ Qxe8 34. Qxe8+ Kxe8 35. Ke2 Ke7 36. c4 Ke6 37. Ke3 g5 38. c5 Kd5 39. d4 a5 40. f3 h5 41. h3 h4 42. Kd3 Kc6 43. Ke4 Kd7 44. Kf5 g4 1-0

[Event "Ste-Foy 6 2024-25"]
[Site "Ste-Foy CAN"]
[Date "2025.07.28"]
[Round "4"]
[White "Pepin, Pierre-Luc"]
[Black "Wafer, Jacques"]
[Result "0-1"]
[ECO "E01"]
[WhiteElo "1189"]
[BlackElo "1356"]
[WhiteFideId "-1"]
[WhiteFideId "-1"]
[PlyCount "46"]
[GameId "2205801950830816"]
[EventDate "2025.07.07"]
[EventType "swiss"]
[EventRounds "5"]
[EventCountry "CAN"]
[TimeControl "5400+30"]

1. d4 Nf6 2. c4 e6 3. g3 d5 4. cxd5 exd5 5. a3 Bf5 6. Bg2 c6 7. Nc3 Qa5 8. Bd2 Qb6 9. Bc1 Bd6 10. Nf3 Nbd7 11. e3 O-O 12. b4 Ne4 13. Nxe4 Bxe4 14. Nh4 Bxg2 15. Nxg2 a5 16. bxa5 Rxa5 17. O-O Rfa8 18. a4 Qa7 19. Ba3 Bxa3 20. Rxa3 Rxa4 21. Rb3 b5 22. Qc2 Qa6 23. Nf4 Ra1 0-1

[Event "Ste-Foy 6 2024-25"]
[Site "Ste-Foy CAN"]
[Date "2025.07.28"]
[Round "4"]
[White "Yergeau, Samuel"]
[Black "Arias Vitela, Derek"]
[Result "1-0"]
[ECO "C01"]
[WhiteElo "1376"]
[BlackElo "1089"]
[WhiteFideId "-1"]
[WhiteFideId "-1"]
[PlyCount "37"]
[GameId "2205801803649224"]
[EventDate "2025.07.07"]
[EventType "swiss"]
[EventRounds "5"]
[EventCountry "CAN"]
[TimeControl "5400+30"]

1. e4 e6 2. d4 d5 3. exd5 exd5 4. Nf3 Nf6 5. Nc3 Bd6 6. Bg5 c6 7. Be2 O-O 8. O-O h6 9. Bh4 Bf5 10. Re1 Nbd7 11. Bd3 Bg6 12. Ne5 Bh5 13. g4 Bxe5 14. dxe5 Bxg4 15. f3 Qb6+ 16. Bf2 Bxf3 17. Qxf3 Qxb2 18. exf6 Nxf6 19. Bd4 1-0

[Event "Ste-Foy 6 2024-25"]
[Site "Ste-Foy CAN"]
[Date "2025.08.04"]
[Round "5"]
[White "Barrera, Eduardo"]
[Black "Bourassa, Samuel"]
[Result "0-1"]
[ECO "B34"]
[WhiteElo "1945"]
[BlackElo "2011"]
[WhiteFideId "-1"]
[WhiteFideId "-1"]
[PlyCount "114"]
[GameId "2208549457581284"]
[EventDate "2025.07.07"]
[EventType "swiss"]
[EventRounds "5"]
[EventCountry "CAN"]
[TimeControl "5400+30"]

1. e4 c5 2. Nf3 g6 3. d4 cxd4 4. Nxd4 Bg7 5. Be3 Nf6 6. Nc3 Nc6 7. Be2 O-O 8. O-O d5 9. exd5 Nxd5 10. Nxd5 Qxd5 11. Bf3 Qc4 12. Nxc6 bxc6 13. c3 Bf5 14. Be2 Qh4 15. g3 Qe4 16. Bf3 Qc4 17. Be2 Qe6 18. Bf3 Rab8 19. Re1 Qc4 20. Be2 Qd5 21. Qc1 c5 22. Rd1 Qc6 23. b3 Rfd8 24. Qa3 Bxc3 25. Rxd8+ Rxd8 26. Rc1 Bh3 27. Bf1 Bxf1 28. Rxf1 Bd4 29. Bxd4 cxd4 30. Qxe7 Rd7 31. Qe8+ Kg7 32. Qe5+ f6 33. Qe2 d3 34. Qd2 Qf3 35. Rd1 Rd5 36. Rc1 g5 37. Re1 Rd7 38. Re3 Qd5 39. Re1 h6 40. Re3 Kg6 41. h3 f5 42. f4 Qd4 43. Kg2 Kf6 44. fxg5+ hxg5 45. Rf3 Qe4 46. Kf2 a5 47. h4 Qd4+ 48. Kg2 gxh4 49. Qh6+ Ke7 50. Qg5+ Qf6 51. Qe3+ Kf7 52. Qf2 hxg3 53. Qf1 Qh4 54. Rxg3 Qe4+ 55. Kh3 Rd6 56. Qc1 Rh6+ 57. Qxh6 Qh1# 0-1

[Event "Ste-Foy 6 2024-25"]
[Site "Ste-Foy CAN"]
[Date "2025.08.04"]
[Round "5"]
[White "Bergeron, Nicolas"]
[Black "Lescarbeau, Martin"]
[Result "0-1"]
[ECO "E99"]
[WhiteElo "1661"]
[BlackElo "1728"]
[WhiteFideId "-1"]
[WhiteFideId "-1"]
[PlyCount "66"]
[GameId "2208549739803924"]
[EventDate "2025.07.07"]
[EventType "swiss"]
[EventRounds "5"]
[EventCountry "CAN"]
[TimeControl "5400+30"]

1. d4 Nf6 2. c4 g6 3. Nc3 Bg7 4. e4 d6 5. Nf3 O-O 6. Be2 e5 7. O-O Nc6 8. d5 Ne7 9. Ne1 Nd7 10. Be3 f5 11. f3 f4 12. Bf2 g5 13. Rc1 Ng6 14. Nd3 Nf6 15. c5 Rf7 16. cxd6 cxd6 17. Nb5 a6 18. Nc3 h5 19. Na4 b5 20. Nb6 Rb8 21. Nxc8 Rxc8 22. Nb4 Rxc1 23. Qxc1 Rc7 24. Nc6 Qd7 25. a4 g4 26. axb5 axb5 27. Qd2 h4 28. Rc1 h3 29. gxh3 gxf3 30. Bxf3 Qxh3 31. Bg2 Qg4 32. Qd3 Qg5 33. Qxb5 f3 0-1

[Event "Ste-Foy 6 2024-25"]
[Site "Ste-Foy CAN"]
[Date "2025.08.04"]
[Round "5"]
[White "Cantin, Guillaume"]
[Black "Auger, Bertrand"]
[Result "0-1"]
[ECO "A30"]
[WhiteElo "1246"]
[BlackElo "1843"]
[WhiteFideId "-1"]
[WhiteFideId "-1"]
[PlyCount "81"]
[GameId "2208549805643040"]
[EventDate "2025.07.07"]
[EventType "swiss"]
[EventRounds "5"]
[EventCountry "CAN"]
[TimeControl "5400+30"]

1. d4 Nf6 2. c4 e6 3. Nf3 b6 4. g3 Bb7 5. Bg2 c5 6. e3 Be7 7. O-O O-O 8. Nc3 Ne4 9. Nxe4 Bxe4 10. b3 f5 11. Bb2 Bf6 12. Qd2 Nc6 13. Rad1 Rf7 14. d5 exd5 15. Bxf6 Qxf6 16. cxd5 Bxf3 17. Bxf3 Ne5 18. Bg2 d6 19. Rfe1 g5 20. Qe2 Ng6 21. Rd2 Re8 22. Qb5 Rfe7 23. Rde2 h5 24. f4 Kg7 25. Kh1 Rh8 26. fxg5 Qxg5 27. Qc6 Qf6 28. Rf1 Ne5 29. Qb5 Qg5 30. Rf4 h4 31. gxh4 Rxh4 32. Rxh4 Qxh4 33. Bf1 Kf6 34. Rg2 Qe4 35. Qe2 Rh7 36. Qf2 Ng4 37. Qf4 Rxh2+ 38. Qxh2 Nxh2 39. Kxh2 Qxe3 40. Re2 Qf4+ 41. Kg2 0-1

[Event "Ste-Foy 6 2024-25"]
[Site "Ste-Foy CAN"]
[Date "2025.08.04"]
[Round "5"]
[White "Couture, Francois"]
[Black "Pepin, Pierre-Luc"]
[Result "1-0"]
[ECO "D60"]
[WhiteElo "1176"]
[BlackElo "1189"]
[WhiteFideId "-1"]
[WhiteFideId "-1"]
[PlyCount "101"]
[GameId "2208550369142144"]
[EventDate "2025.07.07"]
[EventType "swiss"]
[EventRounds "5"]
[EventCountry "CAN"]
[TimeControl "5400+30"]

1. d4 d5 2. c4 e6 3. Nf3 Nf6 4. Nc3 a6 5. Bg5 Be7 6. e3 Nbd7 7. Bd3 c6 8. O-O O-O 9. c5 Ne8 10. Bf4 Nc7 11. Re1 Re8 12. Qc2 g6 13. e4 dxe4 14. Nxe4 Nd5 15. Nd6 Nxf4 16. Nxe8 Qxe8 17. Bc4 b5 18. Bb3 Bb7 19. Qd2 Nh5 20. Bc2 Rd8 21. Qe3 Ndf6 22. h3 Nd5 23. Qe5 Bf6 24. Qe4 Ne7 25. Rad1 Ng7 26. g4 Nd5 27. g5 Be7 28. Kg2 Nf5 29. Rh1 Bf8 30. Ne5 Bg7 31. Ng4 Nb4 32. Nf6+ Bxf6 33. gxf6 Nxc2 34. Qxc2 Rxd4 35. Rxd4 Nxd4 36. Qd2 Nf5 37. Rd1 h5 38. Qd8 Qxd8 39. Rxd8+ Kh7 40. Rd7 a5 41. Rxf7+ Kg8 42. Rxb7 a4 43. Kf3 Nd4+ 44. Ke4 Nf5 45. Ke5 Kf8 46. Rd7 Ke8 47. Kxe6 Nh4 48. f7+ Kf8 49. Rd8+ Kg7 50. f8=Q+ Kh7 51. Qh8# 1-0

[Event "Ste-Foy 6 2024-25"]
[Site "Ste-Foy CAN"]
[Date "2025.08.04"]
[Round "5"]
[White "Demers, Nathan"]
[Black "Aguilar Balzano, Sebastian"]
[Result "1-0"]
[ECO "C01"]
[WhiteElo "1596"]
[BlackElo "1157"]
[WhiteFideId "-1"]
[WhiteFideId "-1"]
[PlyCount "55"]
[GameId "2208550153848156"]
[EventDate "2025.07.07"]
[EventType "swiss"]
[EventRounds "5"]
[EventCountry "CAN"]
[TimeControl "5400+30"]

1. e4 e6 2. d4 d5 3. exd5 exd5 4. Bd3 Nf6 5. Nf3 Bd6 6. Qe2+ Qe7 7. Qxe7+ Bxe7 8. O-O O-O 9. Re1 Re8 10. Bg5 Bd7 11. Nc3 c6 12. Re2 Na6 13. Bxa6 bxa6 14. Ne5 Nh5 15. Bxe7 Rxe7 16. Nxd7 Rxd7 17. Rae1 Kf8 18. Na4 Nf4 19. Re3 Ne6 20. c3 g6 21. g3 Rdd8 22. b4 Rab8 23. Nc5 Nxc5 24. bxc5 Rb2 25. Re7 Rc8 26. Rxa7 Rxa2 27. Ree7 f5 28. Rxh7 1-0

[Event "Ste-Foy 6 2024-25"]
[Site "Ste-Foy CAN"]
[Date "2025.08.04"]
[Round "5"]
[White "Genest, Jean-Philippe"]
[Black "Berube, Antoine"]
[Result "0-1"]
[ECO "B30"]
[WhiteElo "1638"]
[BlackElo "2242"]
[WhiteFideId "-1"]
[WhiteFideId "-1"]
[PlyCount "90"]
[GameId "2208549527610608"]
[EventDate "2025.07.07"]
[EventType "swiss"]
[EventRounds "5"]
[EventCountry "CAN"]
[TimeControl "5400+30"]

1. e4 c5 2. Nf3 Nc6 3. Bb5 d5 4. exd5 Qxd5 5. Nc3 Qe6+ 6. Be2 Nd4 7. O-O Nf6 8. Re1 Qb6 9. Ne5 e6 10. d3 Qc7 11. Bf3 Bd6 12. Bf4 O-O 13. Bg3 Bd7 14. a4 Rfd8 15. a5 Rab8 16. h4 Be8 17. h5 h6 18. b3 Nd7 19. Nxd7 Qxd7 20. Bh4 Be7 21. Bg3 Bd6 22. Bh4 Rdc8 23. Ne4 Nf5 24. Nxd6 Qxd6 25. Re4 Bc6 26. Rg4 Qe5 27. Bxc6 Rxc6 28. f4 Qc3 29. Be1 Qf6 30. Bd2 Rd8 31. Ra4 Rd5 32. Qe1 Nd4 33. Bc3 Rxh5 34. Ba1 Qd8 35. Qf2 Rd5 36. Kh2 Kf8 37. Bc3 Nf5 38. b4 c4 39. b5 Rxb5 40. dxc4 Rb1 41. Rb4 Rxb4 42. Bxb4+ Kg8 43. Qxa7 Qd1 44. Qxb7 Rxc4 45. Qb5 Rxc2 0-1

[Event "Ste-Foy 6 2024-25"]
[Site "Ste-Foy CAN"]
[Date "2025.08.04"]
[Round "5"]
[White "Lebel, Michel"]
[Black "Houde, Louis-Thomas"]
[Result "0-1"]
[ECO "B13"]
[WhiteElo "1009"]
[BlackElo "1421"]
[WhiteFideId "-1"]
[WhiteFideId "-1"]
[PlyCount "95"]
[GameId "2208550016480580"]
[EventDate "2025.07.07"]
[EventType "swiss"]
[EventRounds "5"]
[EventCountry "CAN"]
[TimeControl "5400+30"]

1. e4 c6 2. Nc3 d5 3. exd5 cxd5 4. d4 Nf6 5. Nf3 Bg4 6. h3 Bh5 7. Be2 e6 8. a3 Be7 9. O-O O-O 10. Re1 Nc6 11. b4 a6 12. Ne5 Bxe2 13. Rxe2 Nxe5 14. Rxe5 Bd6 15. Re1 b5 16. Bg5 h6 17. Bh4 g5 18. Bg3 Bxg3 19. fxg3 Qb6 20. Rf1 Kg7 21. Qd3 e5 22. Rad1 Qxd4+ 23. Qxd4 exd4 24. Rxd4 Rac8 25. Nxd5 Nxd5 26. Rxd5 Rxc2 27. Rd6 Ra8 28. Rdf6 Ra7 29. R1f3 Rcc7 30. g4 a5 31. bxa5 Rxa5 32. Kh2 Rxa3 33. Rxa3 Kxf6 34. Rb3 Rb7 35. Kg3 Ke5 36. h4 Kd4 37. hxg5 hxg5 38. Kf3 Kc4 39. Rb1 Kd3 40. Rb3+ Kc4 41. Rb1 b4 42. Ke4 Rb5 43. Rc1+ Kb3 44. Kd4 Kb2 45. Rc7 b3 46. Rxf7 Rb4+ 47. Ke5 Rxg4 48. Kf5 0-1

[Event "Ste-Foy 6 2024-25"]
[Site "Ste-Foy CAN"]
[Date "2025.08.04"]
[Round "5"]
[White "Renzo, Alain"]
[Black "Deschenes, Andre-Philippe"]
[Result "0-1"]
[ECO "C01"]
[WhiteElo "1244"]
[BlackElo "1145"]
[WhiteFideId "-1"]
[WhiteFideId "-1"]
[PlyCount "128"]
[GameId "2208550218315112"]
[EventDate "2025.07.07"]
[EventType "swiss"]
[EventRounds "5"]
[EventCountry "CAN"]
[TimeControl "5400+30"]

1. e4 e6 2. d4 d5 3. exd5 exd5 4. Nf3 Bg4 5. Be2 Nf6 6. Bf4 Be7 7. Nc3 a6 8. Qd2 O-O 9. O-O-O b6 10. h3 Bf5 11. g4 Bg6 12. Bd3 Bxd3 13. Qxd3 c5 14. dxc5 Bxc5 15. Bg3 Nc6 16. Nxd5 Nxd5 17. Qxd5 Qxd5 18. Rxd5 Nb4 19. Rd7 Nxa2+ 20. Kb1 Nb4 21. c3 Nc6 22. b4 Be7 23. Rc7 Rac8 24. Re1 Bf6 25. Kc2 b5 26. Rd7 Nxb4+ 27. Kb3 Rxc3+ 28. Kxb4 Rxf3 29. Rc1 Bg5 30. Rc6 Bf4 31. Rxa6 Bxg3 32. fxg3 Rxg3 33. Kxb5 Rb8+ 34. Kc4 Rxh3 35. Rb6 Rc8+ 36. Kb4 Rh4 37. Rd4 g6 38. Rbd6 h5 39. gxh5 Rxd4+ 40. Rxd4 gxh5 41. Rh4 Kg7 42. Rxh5 f6 43. Rh1 f5 44. Rg1+ Kf6 45. Rf1 Rf8 46. Kc4 Kg5 47. Rg1+ Kh4 48. Kd4 Re8 49. Rf1 Kg4 50. Rg1+ Kh4 51. Rf1 Kg5 52. Rg1+ Kf6 53. Rf1 Re4+ 54. Kd3 Ke5 55. Rh1 Rd4+ 56. Ke3 f4+ 57. Ke2 Ke4 58. Rh3 Ra4 59. Kf2 Ra2+ 60. Ke1 f3 61. Rh4+ Ke3 62. Kd1 Kd3 63. Kc1 Kc3 64. Rh3 Ra1# 0-1

[Event "Ste-Foy 6 2024-25"]
[Site "Ste-Foy CAN"]
[Date "2025.08.04"]
[Round "5"]
[White "Sauve, Richard"]
[Black "Oliver, Vance"]
[Result "1-0"]
[ECO "E84"]
[WhiteElo "1860"]
[BlackElo "1391"]
[WhiteFideId "-1"]
[WhiteFideId "-1"]
[PlyCount "95"]
[GameId "2208549867238700"]
[EventDate "2025.07.07"]
[EventType "swiss"]
[EventRounds "5"]
[EventCountry "CAN"]
[TimeControl "5400+30"]

1. d4 d6 2. c4 Nf6 3. Nc3 g6 4. e4 Bg7 5. f3 O-O 6. Be3 Nc6 7. Qd2 a6 8. Nge2 Rb8 9. Rc1 Bd7 10. Nd1 b5 11. c5 e5 12. d5 Ne7 13. c6 Bc8 14. a4 Ne8 15. axb5 axb5 16. Nec3 b4 17. Nb5 f5 18. Qxb4 fxe4 19. fxe4 Nf6 20. Nf2 Ng4 21. Nxg4 Bxg4 22. Bd3 Kh8 23. Rf1 Rxf1+ 24. Kxf1 Kg8 25. Kg1 h6 26. Qd2 Kh7 27. Rf1 Ra8 28. Qf2 Ra2 29. Nc3 Ra5 30. h3 Bc8 31. Qf7 Ba6 32. Bxa6 Rxa6 33. Qe6 Ng8 34. Kh2 Nf6 35. Rc1 Qf8 36. b4 Ra3 37. Bd2 Rxc3 38. Rxc3 Nxe4 39. Rf3 Qb8 40. Bc1 Qxb4 41. Qd7 Ng5 42. Bxg5 hxg5 43. Rf7 Kh6 44. Qg4 e4 45. h4 Be5+ 46. Kh3 Qc3+ 47. g3 Qe3 48. hxg5+ 1-0

[Event "Ste-Foy 6 2024-25"]
[Site "Ste-Foy CAN"]
[Date "2025.08.04"]
[Round "5"]
[White "Savard, Alexandre"]
[Black "Page Fortin, Mathieu"]
[Result "0-1"]
[ECO "A40"]
[WhiteElo "1756"]
[BlackElo "1940"]
[WhiteFideId "-1"]
[WhiteFideId "-1"]
[PlyCount "36"]
[GameId "2208549602116860"]
[EventDate "2025.07.07"]
[EventType "swiss"]
[EventRounds "5"]
[EventCountry "CAN"]
[TimeControl "5400+30"]

1. d4 e6 2. Nc3 Bb4 3. Qd3 b6 4. Bf4 Nf6 5. Qg3 Nh5 6. Qf3 Nxf4 7. Qxa8 Nc6 8. e3 Nd5 9. Bb5 Nxc3 10. Bxc6 Nd5+ 11. c3 dxc6 12. cxb4 Nxb4 13. Rd1 O-O 14. Qxa7 Qg5 15. Kf1 Ba6+ 16. Ne2 Qb5 17. Rd2 Qa5 18. Qxc7 Nd5 0-1

[Event "Ste-Foy 6 2024-25"]
[Site "Ste-Foy CAN"]
[Date "2025.08.04"]
[Round "5"]
[White "Vaillant, Charles-Etienne"]
[Black "Fridmann, Clement"]
[Result "1/2-1/2"]
[ECO "A28"]
[WhiteElo "1886"]
[BlackElo "1437"]
[WhiteFideId "-1"]
[WhiteFideId "-1"]
[PlyCount "160"]
[GameId "2208549672969480"]
[EventDate "2025.07.07"]
[EventType "swiss"]
[EventRounds "5"]
[EventCountry "CAN"]
[TimeControl "5400+30"]

1. c4 e5 2. Nc3 Nf6 3. Nf3 Nc6 4. e3 d5 5. cxd5 Nxd5 6. Bb5 Nxc3 7. bxc3 Bd6 8. d4 exd4 9. cxd4 a6 10. Be2 O-O 11. O-O Re8 12. Bb2 Bf5 13. Rc1 Qf6 14. a3 Qh6 15. g3 Bh3 16. Re1 Re7 17. Qd3 Rae8 18. Bf1 Bxf1 19. Qxf1 Qh5 20. Nd2 Re6 21. Qg2 Nd8 22. Nc4 Bf8 23. Ne5 c6 24. Nd3 Qa5 25. Red1 b5 26. Nc5 Rh6 27. Qf1 Be7 28. Qe1 Qb6 29. Bc3 Nb7 30. Nxb7 Qxb7 31. Bb4 Bxb4 32. axb4 Rhe6 33. Rc5 g6 34. Rdc1 Rd8 35. Qc3 Rd7 36. Rxc6 Rxc6 37. Qxc6 Qxc6 38. Rxc6 Ra7 39. Kg2 Kf8 40. g4 Ke7 41. g5 Kd7 42. Rf6 Ke7 43. h4 a5 44. bxa5 Rxa5 45. Rb6 Kd8 46. Rc6 b4 47. Rc2 b3 48. Rb2 Ra3 49. Kf3 Kd7 50. Ke4 Kd6 51. Kd3 Ra2 52. Kc3 Ra1 53. Rxb3 Rh1 54. Kc4 Rxh4 55. Rb6+ Ke7 56. Kd5 Rg4 57. Rb7+ Kf8 58. f4 Rg3 59. e4 Rf3 60. Ke5 Ra3 61. d5 Ra5 62. Rc7 Ke8 63. Kf6 Ra6+ 64. Rc6 Ra4 65. Ke5 Ke7 66. d6+ Kd8 67. Kd5 Ra7 68. e5 Kd7 69. Rc7+ Rxc7 70. dxc7 Kxc7 71. e6 Kd8 72. Kd6 fxe6 73. Kxe6 Ke8 74. Kf6 Kf8 75. f5 gxf5 76. Kxf5 Ke7 77. Kg4 Kf7 78. Kh5 Kg7 79. Kh4 h6 80. gxh6+ Kxh6 1/2-1/2

[Event "Ste-Foy 6 2024-25"]
[Site "Ste-Foy CAN"]
[Date "2025.08.04"]
[Round "5"]
[White "Wafer, Jacques"]
[Black "Sarra-Bournet, Marc"]
[Result "0-1"]
[ECO "D35"]
[WhiteElo "1356"]
[BlackElo "1760"]
[WhiteFideId "-1"]
[WhiteFideId "-1"]
[PlyCount "72"]
[GameId "2208550085731664"]
[EventDate "2025.07.07"]
[EventType "swiss"]
[EventRounds "5"]
[EventCountry "CAN"]
[TimeControl "5400+30"]

1. d4 d5 2. c4 e6 3. cxd5 exd5 4. Nc3 Nf6 5. Bg5 Nbd7 6. Nxd5 Nxd5 7. Bxd8 Bb4+ 8. Qd2 Bxd2+ 9. Kxd2 Kxd8 10. e4 N5f6 11. f3 Nb6 12. b3 c6 13. Bc4 Ke7 14. Ne2 Rd8 15. Ke3 a5 16. Rhd1 a4 17. Rd2 Nxc4+ 18. bxc4 b6 19. Rb1 Rb8 20. Nc3 a3 21. Rb4 Bd7 22. d5 cxd5 23. Nxd5+ Nxd5+ 24. cxd5 b5 25. Rd3 Ra8 26. d6+ Ke6 27. f4 Rdc8 28. f5+ Kf6 29. Kf4 g5+ 30. Kg4 h5+ 31. Kf3 Rc2 32. h3 Rxa2 33. g4 hxg4+ 34. hxg4 Rb2 35. e5+ Kxe5 36. Re4+ Kf6 0-1

[Event "Ste-Foy 6 2024-25"]
[Site "Ste-Foy CAN"]
[Date "2025.08.04"]
[Round "5"]
[White "Yergeau, Samuel"]
[Black "Laurendeau, Alfred"]
[Result "1-0"]
[ECO "B07"]
[WhiteElo "1376"]
[BlackElo "1500"]
[WhiteFideId "-1"]
[WhiteFideId "-1"]
[PlyCount "49"]
[GameId "2208549936678200"]
[EventDate "2025.07.07"]
[EventType "swiss"]
[EventRounds "5"]
[EventCountry "CAN"]
[TimeControl "5400+30"]

1. e4 d6 2. d4 e5 3. dxe5 dxe5 4. Qxd8+ Kxd8 5. Nf3 Bd6 6. Bc4 Be6 7. Bxe6 fxe6 8. Nc3 a6 9. O-O Nf6 10. Be3 Nbd7 11. Nd2 b5 12. a4 b4 13. Ne2 Ke7 14. f3 Rhc8 15. Nc4 a5 16. b3 Ra6 17. Rac1 Nb6 18. Bxb6 cxb6 19. Rfd1 Bc5+ 20. Kf1 Raa8 21. Nxe5 Be3 22. Rb1 Rxc2 23. Nc4 Bc5 24. Nd4 Rc8 25. Nxc2 1-0